 Dungeon Crawl Stone Soup version 0.30-a0-1123-gabc949cf19 (webtiles) character file.

Game seed: 15981420688867813214

16068 cheesebisquit the Earth Mage (level 12, -16/85 HPs)
             Began as a Gargoyle Earth Elementalist on Apr 22, 2023.
             Was a Priest of Vehumet.
             Demolished by a death yak simulacrum (19 damage)
             ... in an ice cave.
             The game lasted 00:47:19 (14179 turns).

cheesebisquit the Earth Mage (GrEE)                Turns: 14179, Time: 00:47:20

Health: -16/85     AC: 14    Str: 12    XL:     12   Next: 33%
Magic:  20/32      EV: 12    Int: 21    God:    Vehumet [***...]
Gold:   1651       SH:  0    Dex: 13    Spells: 16/26 levels left

rFire   + . .        b - +11 double sword "Ynad" {protect, Dex+3}
rCold   + . .        (no shield)
rNeg    + . .        D - +1 robe {Will+}
rPois   ∞            z - +0 hat
rElec   +            W - +0 cloak
rCorr   +            m - +0 pair of gloves
SInv    .            j - +0 pair of boots
Will    ++...        (no amulet)
Stlth   ++           c - ring of willpower
HPRegen 0.34/turn    K - ring of magical power
MPRegen 0.23/turn

%: no passive effects
@: brilliant, resistant, hasted, very quick
A: sickness immunity, AC +8, negative energy resistance 1, electricity
resistance, torment resistance 1, petrification resistance
a: Renounce Religion


You were in an ice cave.
You worshipped Vehumet.
Vehumet was most pleased with you.
You visited 2 branches of the dungeon, and saw 12 of its levels.
You also visited: Bailey and Ice Cave.

You collected 1651 gold pieces.

Inventory:

Hand Weapons
 b - the +11 double sword "Ynad" (weapon) {protect, Dex+3}
   (You took it off a kobold in a bailey)

   Dex:       It affects your dexterity (+3).
 p - a +3 sling
 B - a +3 dire flail of freezing
 X - a +5 trident of freezing
Missiles
 d - 6 throwing nets
 g - 8 atropa-tipped darts
 i - 32 poisoned darts
 O - 21 boomerangs
 S - a boomerang of dispersal
Armour
 j - a +0 pair of boots (worn)
 m - a +0 pair of gloves (worn)
 n - a +2 leather armour of fire resistance
 z - a +0 hat (worn)
 D - a +1 robe of willpower (worn)
 R - +0 swamp dragon scales
 W - a +0 cloak (worn)
Jewellery
 c - a ring of willpower (left hand)
 k - a ring of willpower
 q - a ring of wizardry
 I - a ring of positive energy
 K - a ring of magical power (right hand)
 P - a +6 ring of dexterity
 Z - a ring of protection from cold
Wands
 o - a wand of roots (9)
 v - a wand of charming (26)
 F - a wand of light (7)
 G - a wand of polymorph (10)
 T - a wand of digging (13)
 U - a wand of flame (30)
Scrolls
 a - a scroll of immolation {unknown}
 e - 4 scrolls of teleportation
 f - a scroll of noise {unknown}
 s - a scroll of brand weapon {unknown}
 u - 2 scrolls of blinking
 x - a scroll of enchant weapon {unknown}
 y - a scroll of enchant armour {unknown}
 C - 2 scrolls of amnesia
 H - a scroll of butterflies {unknown}
 J - 3 scrolls of fear
 L - a scroll of vulnerability {unknown}
 N - 2 scrolls of fog
Potions
 h - 2 potions of flight
 l - 4 potions of degeneration
 r - 4 potions of curing
 t - a potion of ambrosia
 w - a potion of resistance
 A - a potion of mutation
 M - 3 potions of lignification
 Q - a potion of berserk rage
 V - 2 potions of might


   Skills:
 - Level 14.0 Fighting
 - Level 1.5 Dodging
 - Level 2.1 Stealth
 + Level 7.6 Spellcasting
 - Level 0.7 Transmutations
 - Level 15.4 Earth Magic


You had 16 spell levels left.
You knew the following spells:

 Your Spells              Type           Power      Damage    Failure   Level
a - Sandblast             Erth           100%       2d20      0%          1
c - Passwall              Tmut/Erth      48%        N/A       1%          2
d - Petrify               Tmut/Erth      58%        N/A       3%          4
z - Stone Arrow           Conj/Erth      100%       3d13      1%          3

Your spell library contained the following spells:

 Spells                   Type           Power      Damage    Failure   Level
 Static Discharge         Conj/Air       24%        2-3/arc   3%          2
 Magic Dart               Conj           48%        1d5       2%          1
 Ignite Poison            Fire/Tmut/Pois 13%        N/A       6%          3
 Mephitic Cloud           Conj/Pois/Air  12%        N/A       7%          3
 Slow                     Hex            48%        N/A       9%          1
 Call Imp                 Summ           24%        N/A       13%         2
 Confusing Touch          Hex            12%        N/A       26%         3
 Tukima's Dance           Hex            12%        N/A       26%         3
 Vampiric Draining        Necr           12%        2d6       26%         3
 Yara's Violent Unravell  Hex/Tmut       7%         3d5       43%         5
 Freezing Cloud           Conj/Ice/Air   6%         6-21      50%         5
 Passage of Golubria      Tloc           12%        N/A       63%         4
 Summon Lightning Spire   Summ/Air       12%        N/A       63%         4
 Storm Form               Tmut/Air       7%         N/A       100%        7
 Maxwell's Capacitive Co  Air            6%         ∞         100%        8
 Cigotuvi's Dreadful Rot  Necr/Pois/Air  Unusable   N/A       N/A         2

Dungeon Overview and Level Annotations

Branches:
Dungeon (11/15)            Temple (1/1) D:6            Lair (0/5) D:9
    Orc (0/2) D:10         Bailey (visited)           IceCv (1/1)

Altars:
Ashenzari
Cheibriados
Dithmenos
Elyvilon
Fedhas
Gozag
Hepliaklqana
Kikubaaqudgha
Makhleb
Nemelex Xobeh
Okawaru
Qazlal
Ru
Sif Muna
Trog
Uskayaw
Vehumet
Wu Jian
Xom
Yredelemnul
Zin
The Shining One

Shops:
D:6 *

Annotations:
IceCv exclusion: ice statue


Innate Abilities, Weirdness & Mutations

You are immune to sickness and miasma.
Your stone body is resilient. (AC +8)
You are immune to poison.
You resist negative energy. (rN+)
You are resistant to electric shocks. (rElec)
You are resistant to unholy torment.
You are immune to petrification.


Message History

The white ugly thing attacks as you move away!
The white ugly thing punches you but does no damage.
You see here 37 gold pieces.
The stone arrow hits the white ugly thing!
The white ugly thing is lightly wounded.
The white ugly thing punches you. The white ugly thing freezes you!!
The stone arrow hits the white ugly thing!!
The white ugly thing is heavily wounded.
The white ugly thing punches you. The white ugly thing freezes you!!
You are too injured to fight recklessly!
Aiming: Stone Arrow (safe; 1% risk of failure)
Press: ? - help, Q - select action, (/) - cycle Shift-Dir - straight line, f/p - white ugly thing
Aim: a white ugly thing (heavily wounded, 76% to hit)
The stone arrow misses the white ugly thing.
The white ugly thing punches you but does no damage.
A death yak simulacrum comes into view.
You feel yourself speed up. The white ugly thing barely misses you.
You feel clever all of a sudden.
Aiming: Stone Arrow (safe; 1% risk of failure)
Press: ? - help, Q - select action, (/) - cycle Shift-Dir - straight line, f/p - white ugly thing
Aim: a white ugly thing (heavily wounded, 78% to hit)
You feel a surge of power!
The stone arrow misses the white ugly thing.
The stone arrow hits the death yak simulacrum!!
The death yak simulacrum is heavily damaged.
The white ugly thing closely misses you.
Aiming: Stone Arrow (safe; 1% risk of failure)
Press: ? - help, Q - select action, (/) - cycle Shift-Dir - straight line, f/p - white ugly thing
Aim: a white ugly thing (heavily wounded, 78% to hit)
You feel a surge of power!
The stone arrow hits the white ugly thing!
The white ugly thing is severely wounded.
The white ugly thing punches you. The white ugly thing freezes you!!
* * * LOW HITPOINT WARNING * * *
You feel better.
You feel protected. The death yak simulacrum gores you!
* * * LOW HITPOINT WARNING * * *
The death yak simulacrum freezes you!! You resist.
You die...

####### ####### #####
#.....## ##..$[@# ...8#
#......###....Zu#......
#.......#.......#......
#.∩..∩.................
#.......#.......#......
#......###.....(#.....Z
#.....## ##..[.=# ....#
####### ####### #####


You could see a white ugly thing and a death yak simulacrum.

Vanquished Creatures
  Harold (D:10)
  A boulder beetle (D:10)
  3 two-headed ogres
  Nergalle (D:10)
  Joseph (D:9)
  Maggie (D:7)
  2 ice devils (D:11)
  A troll (D:10)
  A hornet (D:9)
  Prince Ribbit (D:6)
  26 yaks
  Sigmund (D:2)
  A wyvern (D:9)
  A wraith (D:10)
  Eustachio (D:6)
  4 steam dragons
  3 death yak simulacra (IceCv)
  A warg (D:10)
  An acid dragon (D:10)
  Duvessa (D:6)
  5 water moccasins
  3 black bears
  7 orc warriors
  2 ice beasts (D:7)
  An ogre (D:7)
  A phantom (D:7)
  6 centaurs
  A gnoll sergeant (D:5)
  6 kobold brigands (Bailey)
  6 bullfrogs
  2 scorpions (D:6)
  13 wights
  Dowan (D:6)
  5 killer bees
  A howler monkey (D:4)
  4 electric eels (D:10)
  A gnoll bouda (D:10)
  2 orc priests
  7 hounds
  An iron imp (D:7)
  Jessica (D:2)
  2 sleepcaps
  4 iguanas
  8 orc wizards
  19 gnolls
  11 adders
  3 worms
  A dart slug (D:3)
  24 orcs
  7 endoplasms
  2 giant cockroaches
  5 hobgoblins
  9 jackals
  11 kobolds
  3 quokkas
  9 ball pythons
  4 bats
  2 frilled lizards (D:2)
  5 goblins
  4 hobgoblin zombies (D:7)
  A kobold skeleton (D:7)
  2 kobold zombies (D:7)
  An orc skeleton (D:7)
  3 rats
269 creatures vanquished.

Vanquished Creatures (others)
  A fungus (D:9)
  9 plants (D:10)
10 creatures vanquished.

Grand Total: 279 creatures vanquished

Notes
Turn   | Place    | Note
-------+----------+-------------------------------------------
     0 | D:1      | cheesebisquit the Gargoyle Earth Elementalist began the
                  | quest for the Orb.
     0 | D:1      | Reached XP level 1. HP: 10/10 MP: 3/3
   277 | D:1      | Reached skill level 4 in Earth Magic
   298 | D:1      | Reached XP level 2. HP: 15/15 MP: 0/5
  1285 | D:2      | Reached skill level 5 in Earth Magic
  1285 | D:2      | Reached XP level 3. HP: 15/19 MP: 0/6
  1289 | D:2      | Learned a level 3 spell: Stone Arrow
  1292 | D:2      | Learned a level 2 spell: Passwall
  1453 | D:2      | Noticed Sigmund
  1465 | D:2      | Killed Sigmund
  1466 | D:2      | Reached skill level 7 in Earth Magic
  1466 | D:2      | Reached XP level 4. HP: 18/24 MP: 2/7
  1466 | D:2      | Reached XP level 5. HP: 22/28 MP: 2/8
  1784 | D:2      | Noticed Jessica
  1787 | D:2      | Killed Jessica
  1788 | D:2      | Reached XP level 6. HP: 32/32 MP: 7/9
  2291 | D:3      | Reached skill level 8 in Earth Magic
  2435 | D:3      | Found a shadowy altar of Dithmenos.
  3418 | D:4      | Reached skill level 9 in Earth Magic
  3418 | D:4      | Reached XP level 7. HP: 36/36 MP: 6/10
  3423 | D:4      | Learned a level 4 spell: Petrify
  4136 | D:5      | Entered Level 5 of the Dungeon
  4162 | D:5      | Reached skill level 10 in Earth Magic
  4346 | D:5      | Reached skill level 11 in Earth Magic
  4346 | D:5      | Reached XP level 8. HP: 41/41 MP: 8/11
  4424 | D:5      | Found a burning altar of Makhleb.
  4599 | D:5      | Reached skill level 12 in Earth Magic
  4639 | D:5      | Found a broken altar of Ashenzari.
  5277 | D:6      | Noticed Eustachio
  5280 | D:6      | Killed Eustachio
  5281 | D:6      | Reached skill level 13 in Earth Magic
  5339 | D:6      | Noticed Prince Ribbit
  5341 | D:6      | Killed Prince Ribbit
  5342 | D:6      | Reached XP level 9. HP: 45/45 MP: 9/12
  5374 | D:6      | Found a staircase to the Ecumenical Temple.
  5383 | Temple   | Entered the Ecumenical Temple
  5470 | D:6      | Found a bloodstained altar of Trog.
  5515 | D:6      | Noticed Duvessa
  5515 | D:6      | Noticed Dowan
  5519 | D:6      | Killed Duvessa
  5520 | D:6      | Reached skill level 14 in Earth Magic
  5522 | D:6      | Killed Dowan
  5584 | D:6      | Found Guga's Serpentskin Sales.
  5724 | D:6      | Found a radiant altar of Vehumet.
  5731 | D:6      | Became a worshipper of Vehumet
  6037 | D:6      | Reached skill level 15 in Earth Magic
  6324 | D:6      | Reached skill level 1 in Fighting
  6842 | D:7      | Found a glowing golden altar of the Shining One.
  7197 | D:7      | Reached * piety under Vehumet
  7197 | D:7      | Offered knowledge of Kiss of Death by Vehumet.
  7203 | D:7      | Reached XP level 10. HP: 58/58 MP: 13/13
  7300 | D:7      | Reached skill level 5 in Fighting
  7399 | D:7      | Found a glowing silver altar of Zin.
  7787 | D:7      | Noticed Maggie
  7792 | D:7      | Killed Maggie
  8351 | D:8      | Noticed a two-headed ogre
  8360 | D:8      | Killed a two-headed ogre
  8887 | D:8      | Reached skill level 10 in Fighting
  9609 | D:9      | Noticed a two-headed ogre
  9614 | D:9      | Killed a two-headed ogre
  9615 | D:9      | Reached XP level 11. HP: 58/74 MP: 8/14
  9785 | D:9      | Noticed Joseph
  9793 | D:9      | Killed Joseph
 10351 | D:9      | Found a staircase to the Lair.
 10643 | D:9      | Found an ornate altar of the Wu Jian Council.
 10905 | D:10     | Entered Level 10 of the Dungeon
 10934 | D:10     | Noticed Harold
 10980 | D:10     | Killed Harold
 11109 | D:10     | Noticed a two-headed ogre
 11118 | D:10     | Killed a two-headed ogre
 11338 | D:10     | Noticed Nergalle
 11347 | D:10     | Killed Nergalle
 11347 | D:10     | Offered knowledge of Poisonous Vapours by Vehumet.
 11468 | D:10     | Reached ** piety under Vehumet
 11556 | D:10     | Found a flagged portal.
 11565 | Bailey   | Entered a bailey
 11924 | Bailey   | Identified the +11 double sword "Ynad" {protect, Dex+3}
 12173 | Bailey   | Found a burning altar of Makhleb.
 12539 | D:10     | Found a staircase to the Orcish Mines.
 12552 | D:10     | Offered knowledge of Static Discharge by Vehumet.
 12711 | D:10     | Reached skill level 5 in Spellcasting
 12711 | D:10     | Reached XP level 12. HP: 85/85 MP: 10/19
 13511 | D:11     | Noticed a boulder beetle
 13513 | D:11     | Noticed a two-headed ogre
 13697 | D:10     | Killed a boulder beetle
 13813 | D:11     | Reached *** piety under Vehumet
 13894 | D:11     | Found a frozen archway.
 13943 | IceCv    | Entered an ice cave
 14179 | IceCv    | HP: 3/85 [death yak simulacrum (11)]
 14179 | IceCv    | Demolished by a death yak simulacrum

Illustrated notes

Levels and vault maps discovered:
D:1:      kennysheep_arrival_seaside, layout_loops_corners
D:2:      layout_loops_ring, nicolae_elevator_lobby_plus, uniq_jessica,
          uniq_sigmund
D:3:      layout_basic, mainiacjoe_overflow_small_starburst
D:4:      layout_gridville, hangedman_abyss_or_decor_lesser_grid,
          hangedman_decor_peaks_small, wad_floor_pattern_untrapped
D:5:      layout_basic, mainiacjoe_overflow_catwalk,
          nicolae_ashenzari_panopticon
D:6:      minmay_chambers_of_fours, layout_basic,
          mainiacjoe_overflow_catch_the_wave, minmay_temple_entry_tees,
          guppyfry_shop_venom, uniq_duvessa, uniq_eustachio, uniq_prince_ribbit1
D:7:      layout_basic, nicolae_tso_besieged_by_evil,
          mainiacjoe_overflow_alcove_2, uniq_maggie
D:8:      layout_loops_ring, st_stairs_14
D:9:      layout_long_grid, overflow_temple_1_default, david_lair_generic,
          minmay_misc_feat_tiny, minmay_misc_feat_chi, uniq_joseph
D:10:     layout_stronghold, david_orc_3, enter_bailey_6, serial_bayou,
          serial_bayou_crossing, serial_bayou_ford_a, serial_bayou_pond_a,
          serial_bayou_shore_b, uniq_nergalle, uniq_harold
D:11:     layout_long_grid, portal_ice_cave_demonic_guard, special_room
          [special_room_orc]
Temple:   eino_temple_lava
IceCv:    ice_cave_statue_garden_chambered

Skill      XL: |  1  2  3  4  5  6  7  8  9 10 11 12 |
---------------+-------------------------------------+-----
Earth Magic    | 4 5 7 9 11 13 15 | 15.4
Fighting       | 4 11 14 | 14.0
Spellcasting   | 5 7 |  7.6
Dodging        | |  1.5
Stealth        | |  2.1
Transmutations | |  0.7

Action                     |  1- 3 |  4- 6 |  7- 9 | 10-12 || total
---------------------------+-------+-------+-------+-------++-------
  Melee: Dire flail        |       |       |       |    57 ||    57
         Double sword      |       |       |       |    50 ||    50
   Cast: Sandblast         |    42 |    65 |   148 |     6 ||   261
         Stone Arrow       |       |       |     8 |   251 ||   259
    Use: Potion            |     1 |       |     1 |    10 ||    12
         Scroll            |       |     1 |     8 |    11 ||    20
   Stab: Invisible         |       |       |       |     2 ||     2
 Armour: Robe              |     5 |     1 |    12 |    95 ||   113
  Dodge: Dodged            |     7 |    10 |    42 |   149 ||   208

Table legend: (Time is in decaauts)
 A = Elapsed time spent in this place.
 B = Non-inter-level travel time spent in this place.
 C = Inter-level travel time spent in this place.
 D = Time resting spent in this place.
 E = Time spent auto-exploring this place.
 F = Levels seen in this place.
 G = Mean time per level.
                   A        B        C        D        E       F      G
               +--------+--------+--------+--------+--------+-----+--------+
         Total |  14345 |  13641 |    704 |    962 |  10611 |  14 | 1024.6 |
       Dungeon |  13358 |  12663 |    695 |    760 |  10063 |  11 | 1214.4 |
        Temple |     74 |     65 |      9 |      0 |     57 |   1 |   74.0 |
        Bailey |    678 |    678 |      0 |     82 |    438 |   1 |  678.0 |
      Ice Cave |    234 |    234 |      0 |    120 |     52 |   1 |  234.0 |
               +--------+--------+--------+--------+--------+-----+--------+

Top non-repeatable levels by time:
    D:10: 2104 daAuts
     D:7: 1654 daAuts
     D:8: 1474 daAuts
     D:6: 1290 daAuts
     D:9: 1253 daAuts
     D:1: 1240 daAuts
     D:5: 1191 daAuts
     D:4: 1119 daAuts
     D:3: 976 daAuts
     D:2: 859 daAuts
  Bailey: 678 daAuts
   IceCv: 234 daAuts
    D:11: 193 daAuts
  Temple: 74 daAuts
